 Dungeon Crawl Stone Soup version 0.29-a0-330-g52719c12eb (webtiles) character file.

Game seed: 5954133106482251090

30860 MagicUser the Cleaver (level 13, -15/111 HPs)
             Began as a Formicid Fighter on May 4, 2022.
             Was a High Priest of Okawaru.
             Demolished by an entropy weaver simulacrum (17 damage)
             ... in an ice cave.
             The game lasted 00:36:31 (20493 turns).

MagicUser the Cleaver (Formicid Fighter)           Turns: 20493, Time: 00:36:32

Health: -15/111    AC: 18    Str: 23    XL:     13   Next: 91%
Magic:  0/30       EV: 10    Int:  9    God:    Okawaru [*****.]
Gold:   1181       SH:  7    Dex: 12    Spells: 12/12 levels left

rFire   + + .      SeeInvis +   e - +1 war axe (flame)
rCold   . . .      Faith    .   c - +0 buckler
rNeg    . . .      Spirit   +   j - +3 chain mail {rF+}
rPois   +          Reflect  .   (helmet unavailable)
rElec   .          Harm     .   k - +0 cloak
rCorr   +          Rampage  .   (no gloves)
Will    +....                   (no boots)
Stlth   ..........              h - amulet of guardian spirit
HPRegen 0.28/turn               l - ring of poison resistance
MPRegen 0.22/turn               z - ring "Foiruoj" {rF+ rCorr MP+9}

@: heroic, finesse-ful
A: permanent stasis, dig shafts and tunnels, antennae 3, four strong arms,
iridescent scales 1
a: Dig, Renounce Religion, Heroism, Finesse, Duel


You were in an ice cave.
You worshipped Okawaru.
Okawaru was extremely pleased with you.
You visited 3 branches of the dungeon, and saw 16 of its levels.
You also visited: Ice Cave.

You collected 1525 gold pieces.
You spent 344 gold pieces at shops.

Inventory:

Hand Weapons
 a - a +1 war axe of venom
 e - a +1 war axe of flaming (weapon)
 f - a +3 dagger
 I - a +3 vorpal executioner's axe
Missiles
 t - 9 poisoned darts (quivered)
Armour
 c - a +0 buckler (worn)
 j - a +3 chain mail of fire resistance (worn)
 k - a +0 cloak (worn)
Jewellery
 h - an amulet of guardian spirit (around neck)
 l - a ring of poison resistance (left hand)
 p - an amulet of magic regeneration
 v - a ring of magical power
 z - the ring "Foiruoj" (right hand) {rF+ rCorr MP+9}
   (You found it on level 9 of the Dungeon)

   [ring of magical power]

   rF:        It protects you from fire.
   MP:        It affects your magic capacity (+9).
   rCorr:     It protects you from acid and corrosion.
 E - a +6 ring of dexterity
Wands
 b - a wand of digging (17)
 r - a wand of flame (4)
 u - a wand of paralysis (12)
 B - a wand of mindburst (9)
 D - a wand of iceblast (13)
 H - a wand of acid (1)
Scrolls
 g - a scroll of identify
 i - 4 scrolls of amnesia
 o - 4 scrolls of fog
 s - 6 scrolls of enchant armour
 w - a scroll of vulnerability
 y - 2 scrolls of brand weapon
 C - a scroll of torment
 G - 2 scrolls of magic mapping
Potions
 d - 2 potions of might
 m - a potion of lignification
 n - 2 potions of attraction
 q - a potion of cancellation
 x - 2 potions of curing
 A - a potion of mutation
 F - a potion of flight
 J - 2 potions of invisibility


   Skills:
 - Level 13.0(18.0) Fighting
 + Level 14.4(19.4) Axes
 * Level 7.0(12.0) Armour
 * Level 7.6(12.6) Shields
 - Level 11.2 Invocations
 - Level 6.4 Evocations


You had 12 spell levels left.
You didn't know any spells.
Your spell library contained the following spells:

 Spells                   Type           Power      Damage    Failure   Level
 Apportation              Tloc           0%         N/A       93%         1
 Pain                     Necr           0%         1d4       93%         1
 Corpse Rot               Necr/Air       0%         N/A       98%         2
 Sublimation of Blood     Necr           0%         N/A       98%         2
 Wereblood                Tmut           0%         N/A       98%         2
 Dazzling Flash           Conj/Hex       0%         N/A       100%        3
 Gell's Gravitas          Tloc           0%         N/A       100%        3
 Lesser Beckoning         Tloc           0%         N/A       100%        3
 Teleport Other           Tloc           0%         N/A       100%        3
 Vampiric Draining        Necr           0%         2d6       100%        3
 Dispel Undead            Necr           0%         3d6       100%        4
 Petrify                  Tmut/Erth      0%         N/A       100%        4
 Agony                    Necr           0%         N/A       100%        5
 Blade Hands              Tmut           0%         N/A       100%        5
 Irradiate                Conj/Tmut      0%         3d13      100%        5
 Manifold Assault         Tloc           0%         N/A       100%        5
 Silence                  Hex/Air        0%         N/A       100%        5
 Dispersal                Tloc           0%         N/A       100%        6
 Iron Shot                Conj/Erth      0%         9d1       100%        6
 Animate Skeleton         Necr           Unusable   N/A       N/A         1
 Summon Small Mammal      Summ           Unusable   N/A       N/A         1
 Blink                    Tloc           Unusable   N/A       N/A         2
 Animate Armour           Summ/Erth      Unusable   N/A       N/A         4
 Death Channel            Necr           Unusable   N/A       N/A         6
 Malign Gateway           Summ/Tloc      Unusable   N/A       N/A         7
 Summon Hydra             Summ           Unusable   N/A       N/A         7
 Summon Horrible Things   Summ           Unusable   N/A       N/A         8

Dungeon Overview and Level Annotations

Branches:
Dungeon (10/15)            Temple (1/1) D:7            Lair (5/6) D:8
 Shoals (0/4) Lair:4        Snake (0/4) Lair:3        Slime (0/5) Lair:5
  IceCv (1/1)
    Orc: D:9-12

Altars:
Dithmenos
Elyvilon
Fedhas
Kikubaaqudgha
Nemelex Xobeh
Okawaru
Ru
Sif Muna
Uskayaw
Wu Jian
Xom
Zin
The Shining One

Shops:
D:10 ![


Innate Abilities, Weirdness & Mutations

You cannot be hasted, slowed, berserked, paralysed or teleported.
You can dig through walls and to a lower floor.
You have a pair of large antennae on your head. (SInv)
Your four strong arms can wield two-handed weapons with a shield.
You are partially covered in iridescent scales. (AC +2)


Message History

There is an ice choked empty arch of ancient stone here.
Okay, then.
Aiming: Corrosive Bolt
Press: ? - help, Shift-Dir - straight line, f - elephant simulacrum
Aim: an elephant simulacrum (100% to hit)
The bolt of acid misses the entropy weaver simulacrum.
The bolt of acid hits the elephant simulacrum!!
The acid corrodes the elephant simulacrum!
The elephant simulacrum is severely damaged.
You block the wolf simulacrum's attack.
You barely miss the wolf simulacrum. You slash the wolf simulacrum!
You melt the wolf simulacrum!
The wolf simulacrum vaporises!
Okawaru accepts your kill.
There is an ice choked empty arch of ancient stone here.
Aiming: Corrosive Bolt
Press: ? - help, Shift-Dir - straight line, f - elephant simulacrum, p - elephant simulacrum
Aim: an elephant simulacrum (100% to hit)
The bolt of acid hits the entropy weaver simulacrum!
The entropy weaver simulacrum is lightly damaged.
The bolt of acid hits the elephant simulacrum!!
The elephant simulacrum seems to be corroded for longer.
The elephant simulacrum vaporises!
Okawaru accepts your kill.
The bolt of acid hits the elephant simulacrum!
The acid corrodes the elephant simulacrum!
The elephant simulacrum is heavily damaged.
The entropy weaver simulacrum hits you!
The entropy weaver simulacrum freezes you!!
* * * LOW HITPOINT WARNING * * *
The entropy weaver simulacrum hits you.
* * * LOW HITPOINT WARNING * * *
The entropy weaver simulacrum freezes you!!
* * * LOW HITPOINT WARNING * * *
The entropy weaver simulacrum hits you but does no damage.
The entropy weaver simulacrum barely misses you.
You feel better. The entropy weaver simulacrum hits you!
* * * LOW HITPOINT WARNING * * *
The entropy weaver simulacrum freezes you!
You die...

#######
#.....##
#......## .
#.....°.#....
#.∩..@Z.Z....
#.......#....
#......## ...
#.....## ..
####### #


You could see an elephant simulacrum (corroded) and an entropy weaver
simulacrum.

Vanquished Creatures
  Rupert (Lair:3)
  3 hydras
  A catoblepas (Lair:2)
  A two-headed ogre (D:8)
  3 death yaks (D:8)
  Pikel (D:7)
  A manticore (Lair:4)
  7 black mambas
  3 elephants (Lair:3)
  Joseph (D:7)
  7 cane toads
  An unseen horror (D:10)
  Maggie (Lair:1)
  11 komodo dragons
  4 rime drakes
  A wind drake (Lair:4)
  Prince Ribbit (Lair:3)
  11 blink frogs
  2 vampires
  A wyvern (D:7)
  16 yaks
  3 steam dragons
  8 basilisks
  21 water moccasins
  Duvessa (D:7)
  3 ice beasts (D:7)
  A black bear (D:4)
  2 sky beasts
  14 wolves
  3 ogres
  A lemure (D:7)
  8 bullfrogs
  2 kobold brigands
  A gnoll sergeant (D:7)
  A necrophage (D:6)
  5 scorpions
  9 wights
  Dowan (D:7)
  An elephant simulacrum (IceCv)
  13 killer bees (D:8)
  2 howler monkeys (D:7)
  A lava snake (D:9)
  4 hounds
  3 gnoll shamans
  5 jellies
  3 orc priests
  Jessica (D:2)
  4 iguanas
  Terence (D:2)
  8 orc wizards
  A hell rat (D:8)
  A wolf simulacrum (IceCv)
  15 gnolls
  3 adders
  A river rat (D:8)
  2 shadow imps
  2 white imps
  7 worms
  2 dart slugs (D:3)
  21 orcs
  7 bats
  3 bat zombies (D:9)
  7 endoplasms
  8 giant cockroaches
  7 hobgoblins
  4 jackals
  11 kobolds
  6 quokkas
  3 ball pythons
  2 frilled lizards
  11 goblins
  5 rats
337 creatures vanquished.

Vanquished Creatures (others)
  30 fungi
  39 plants
69 creatures vanquished.

Grand Total: 406 creatures vanquished

Notes
Turn   | Place    | Note
-------+----------+-------------------------------------------
     0 | D:1      | MagicUser the Formicid Fighter began the quest for the Orb.
     0 | D:1      | Reached XP level 1. HP: 18/18 MP: 1/1
   180 | D:1      | Reached XP level 2. HP: 22/24 MP: 2/2
   497 | D:1      | You fall into a shaft and drop 1 floor!
   558 | D:1      | Reached XP level 3. HP: 30/30 MP: 3/3
   573 | D:1      | Reached skill level 3 in Axes
   614 | D:1      | Found a faded altar of an unknown god.
  1165 | D:2      | Noticed Jessica
  1172 | D:2      | Killed Jessica
  1173 | D:2      | Reached XP level 4. HP: 15/37 MP: 2/4
  1374 | D:2      | Identified a scroll of acquirement
  1374 | D:2      | Acquired a +1 war axe of flaming
  1624 | D:2      | Noticed Terence
  1633 | D:2      | Killed Terence
  1634 | D:2      | Reached skill level 4 in Axes
  1634 | D:2      | Reached XP level 5. HP: 24/42 MP: 2/5
  2793 | D:3      | Noticed a kobold brigand
  2803 | D:3      | Killed a kobold brigand
  2804 | D:3      | Reached skill level 5 in Axes
  2804 | D:3      | Reached XP level 6. HP: 47/50 MP: 6/6
  3028 | D:3      | Found a hide-covered altar of Uskayaw.
  3177 | D:4      | Reached skill level 5 in Fighting
  3575 | D:4      | Noticed a black bear
  3585 | D:4      | Reached XP level 7. HP: 38/56 MP: 5/7
  3593 | D:4      | Reached skill level 6 in Axes
  4434 | D:5      | Entered Level 5 of the Dungeon
  5473 | D:5      | Reached skill level 7 in Axes
  5473 | D:5      | Reached XP level 8. HP: 64/64 MP: 8/8
  6370 | D:6      | Reached skill level 8 in Axes
  6708 | D:6      | Reached XP level 9. HP: 72/72 MP: 9/9
  6749 | D:6      | Reached skill level 9 in Axes
  7865 | D:7      | Reached skill level 10 in Axes
  8137 | D:7      | Found a staircase to the Ecumenical Temple.
  8146 | Temple   | Entered the Ecumenical Temple
  8156 | Temple   | Became a worshipper of Warmaster Okawaru
  8174 | D:7      | Reached skill level 1 in Evocations
  8588 | D:7      | Noticed Joseph
  8621 | D:7      | You fall into a shaft and drop 3 floors!
  8621 | D:10     | Entered Level 10 of the Dungeon
  8918 | D:10     | Noticed an unseen horror
  8929 | D:10     | Killed an unseen horror
  8929 | D:10     | Reached * piety under Okawaru
  8930 | D:10     | Reached XP level 10. HP: 75/80 MP: 6/10
  8978 | D:10     | Reached skill level 5 in Shields
  9042 | D:10     | Found Utzos's Armour Emporium.
  9050 | D:10     | Bought a +3 chain mail of fire resistance for 344 gold
                  | pieces
  9222 | D:10     | Found Hocagarai's Distillery.
  9370 | D:9      | Found a sparkling altar of Nemelex Xobeh.
  9418 | D:9      | Identified the ring "Foiruoj" {rF+ rCorr MP+9}
  9550 | D:8      | Noticed a death yak
  9555 | D:8      | Noticed a death yak
  9611 | D:8      | Noticed a two-headed ogre
  9619 | D:8      | Reached skill level 5 in Evocations
  9624 | D:8      | Reached skill level 5 in Armour
  9632 | D:8      | HP: 1/80 [two-headed ogre/+0 giant club (6)]
 10730 | D:7      | Noticed Pikel
 10740 | D:7      | Killed Pikel
 10740 | D:7      | Reached ** piety under Okawaru
 10831 | D:7      | Noticed Duvessa
 10837 | D:7      | Noticed Dowan
 10839 | D:7      | Killed Duvessa
 10847 | D:7      | Killed Dowan
 11470 | D:7      | Killed Joseph
 11751 | D:7      | Found a blossoming altar of Fedhas.
 11751 | D:7      | Found an ornate altar of the Wu Jian Council.
 11846 | D:7      | Gained mutation: You are partially covered in iridescent
                  | scales. (AC +2) [potion of mutation]
 12130 | D:8      | Killed a two-headed ogre
 12130 | D:8      | Reached *** piety under Okawaru
 12131 | D:8      | Reached XP level 11. HP: 81/89 MP: 11/11
 12233 | D:8      | Found a staircase to the Lair.
 12269 | D:8      | Noticed a death yak
 12292 | D:8      | Killed a death yak
 12293 | D:8      | Reached skill level 10 in Fighting
 12293 | D:8      | Reached skill level 11 in Axes
 12304 | D:8      | Killed a death yak
 12305 | D:8      | Killed a death yak
 12305 | D:8      | Reached **** piety under Okawaru
 12485 | D:8      | Reached skill level 1 in Invocations
 12908 | D:8      | Found a shimmering blue altar of Sif Muna.
 13746 | D:9      | Found an ancient bone altar of Kikubaaqudgha.
 13845 | Lair:1   | Entered Level 1 of the Lair of Beasts
 13850 | Lair:1   | Noticed Maggie
 13880 | Lair:1   | Killed Maggie
 13881 | Lair:1   | Reached skill level 5 in Invocations
 14480 | Lair:1   | Reached XP level 12. HP: 71/99 MP: 16/18
 14480 | Lair:1   | Reached ***** piety under Okawaru
 14888 | Lair:1   | Reached skill level 10 in Invocations
 15266 | Lair:2   | Noticed a catoblepas
 15287 | Lair:2   | Killed a catoblepas
 15684 | Lair:2   | Received a gift from Okawaru
 15959 | Lair:2   | Reached skill level 12 in Axes
 17005 | Lair:3   | Noticed a four-headed hydra
 17009 | Lair:3   | Noticed Rupert
 17015 | Lair:3   | Killed a three-headed hydra
 17038 | Lair:3   | Killed Rupert
 17247 | Lair:3   | Reached XP level 13. HP: 90/107 MP: 21/21
 17339 | Lair:3   | Noticed Prince Ribbit
 17346 | Lair:3   | Noticed a catoblepas
 17361 | Lair:3   | Killed Prince Ribbit
 17443 | Lair:3   | Acquired 606 gold pieces
 17681 | Lair:3   | Reached skill level 13 in Axes
 17925 | Lair:3   | Found a staircase to the Snake Pit.
 18674 | Lair:3   | Received a gift from Okawaru
 19044 | Lair:4   | Reached skill level 14 in Axes
 19268 | Lair:4   | Identified the +1 robe of Coesosk {rC++ Str-5} (Okawaru
                  | gifted it to you on level 4 of the Lair of Beasts)
 19268 | Lair:4   | Received a gift from Okawaru
 19433 | Lair:4   | Noticed a five-headed hydra
 19442 | Lair:4   | Killed a one-headed hydra
 19793 | Lair:4   | Found a staircase to the Shoals.
 20327 | Lair:5   | Found a frozen archway.
 20380 | Lair:5   | Noticed a boulder beetle
 20453 | Lair:5   | Noticed a six-headed hydra
 20461 | Lair:5   | Killed a three-headed hydra
 20484 | IceCv    | Entered an ice cave
 20492 | IceCv    | HP: 4/111 [entropy weaver simulacrum (22)]
 20493 | IceCv    | Demolished by an entropy weaver simulacrum

Illustrated notes

Levels and vault maps discovered:
D:1:      lemuel_arrival_hallway, layout_basic, ebering_ecumenical_altar_hall
D:2:      layout_basic, uniq_terence, uniq_jessica
D:3:      layout_loops_corners, mainiacjoe_overflow_alcove_4
D:4:      layout_basic, serial_glass, glass_columns_a, glass_columns_a,
          glass_columns_a, glass_columns_c, glass_columns_b, glass_columns_a,
          glass_columns_c, glass_columns_b, glass_columns_a, glass_columns_c,
          glass_columns_c, glass_columns_a, glass_columns_b, glass_columns_c,
          due_unseen_surprise, item_on_display_a, item_on_display_a,
          minmay_strange_pillars, chequers_serial_rivers_marsh
D:5:      layout_basic
D:6:      layout_basic, chequers_serial_rivers_micro_d, bh_walls_and_bars
D:7:      layout_gridville, gammafunk_temple_overflow_wave,
          minmay_temple_entry_drinking_statues, minmay_misc_feat_nine_boxes,
          chequers_serial_rivers_small_b, uniq_duvessa, uniq_joseph, uniq_pikel
D:8:      layout_basic, led_sif_book, dpeg_lair_monsters
D:9:      layout_roguey, lemuel_zombie_altar_kikubaaqudgha,
          mainiacjoe_overflow_catwalk, kennysheep_cross_room
D:10:     layout_layer_cave, serial_shops, shop, shop, nicolae_shop_behind_doors
Temple:   eino_temple_rhombus
Lair:1:   layout_big_grid, uniq_maggie
Lair:2:   layout_regular_city
Lair:3:   layout_loops_ring, minmay_snake_entry_six_corridors, st_stairs_8,
          minmay_holes, chequers_serial_rivers_marsh, uniq_prince_ribbit2,
          uniq_rupert
Lair:4:   layout_concentric_octagons, minmay_shoals_entry_beasts,
          lemuel_fruit_tree, grunt_megastairs_5
Lair:5:   layout_roguey, slime_dummy, portal_ice_cave_rime, grunt_megastairs_1
IceCv:    ice_cave_statue_garden_chambered

Skill      XL: |  1  2  3  4  5  6  7  8  9 10 11 12 13 |
---------------+----------------------------------------+-----
Axes           | 3 4 5 7 8 10 11 12 14 | 14.4
Fighting       | 4 5 6 7 8 9 10 11 13 | 13.0
Evocations     | 3 6 |  6.4
Shields        | 4 6 7 |  7.6
Armour         | 4 5 7 |  7.0
Invocations    | 8 11 | 11.2

Action                   |  1- 3 |  4- 6 |  7- 9 | 10-12 | 13-15 || total
-------------------------+-------+-------+-------+-------+-------++-------
Melee: War axe           |    56 |   138 |   249 |   567 |   310 ||  1320
Throw: Dart              |       |       |    22 |    17 |     8 ||    47
       Throwing net      |       |       |     3 |     4 |       ||     7
Invok: Heroism           |       |       |       |    22 |    16 ||    38
       Finesse           |       |       |       |     1 |     1 ||     2
 Abil: Dig               |       |     1 |       |       |       ||     1
       Shaft Self        |       |       |     1 |       |       ||     1
Evoke: Wand              |       |       |       |     2 |     2 ||     4
  Use: Scroll            |       |    11 |     5 |     5 |     6 ||    27
       Potion            |       |     4 |     2 |     7 |     2 ||    15
 Stab: Paralysed         |       |       |       |     1 |       ||     1
Armor: Scale mail        |    20 |    45 |    55 |       |       ||   120
       Skin              |       |     2 |    15 |    11 |       ||    28
       Chain mail        |       |       |    17 |   237 |   127 ||   381
Dodge: Dodged            |    14 |    53 |    83 |   144 |    87 ||   381
Block: Buckler           |    12 |    41 |    55 |   131 |    80 ||   319

Table legend: (Time is in decaauts)
 A = Elapsed time spent in this place.
 B = Non-inter-level travel time spent in this place.
 C = Inter-level travel time spent in this place.
 D = Time resting spent in this place.
 E = Time spent auto-exploring this place.
 F = Levels seen in this place.
 G = Mean time per level.
                   A        B        C        D        E       F      G
               +--------+--------+--------+--------+--------+-----+--------+
         Total |  20441 |  19776 |    665 |   2217 |  14206 |  17 | 1202.4 |
       Dungeon |  13900 |  13376 |    524 |   1974 |   9243 |  10 | 1390.0 |
        Temple |     20 |     11 |      9 |      0 |      1 |   1 |   20.0 |
          Lair |   6512 |   6381 |    131 |    243 |   4961 |   5 | 1302.4 |
      Ice Cave |      7 |      7 |      0 |      0 |      0 |   1 |    7.0 |
               +--------+--------+--------+--------+--------+-----+--------+

Top non-repeatable levels by time:
     D:6: 2310 daAuts
  Lair:2: 1843 daAuts
  Lair:3: 1772 daAuts
     D:7: 1744 daAuts
     D:9: 1680 daAuts
     D:8: 1550 daAuts
  Lair:4: 1476 daAuts
     D:5: 1361 daAuts
     D:4: 1333 daAuts
  Lair:1: 1271 daAuts
     D:2: 1245 daAuts
     D:3: 973 daAuts
     D:1: 952 daAuts
    D:10: 749 daAuts
  Lair:5: 148 daAuts
